 Dungeon Crawl Stone Soup version 0.31-a0-844-gdc52ec4e09 (webtiles) character file.

Game seed: 16386996619260433832

5797 Kurtz the Cleaver (level 10, -2/63 HPs)
             Began as an Octopode Fighter on Sept 30, 2023.
             Was an Initiate of Gozag.
             Slain by a wyvern (13 damage)
             ... on level 9 of the Dungeon.
             The game lasted 00:09:56 (9026 turns).

Kurtz the Cleaver (Octopode Fighter)                Turns: 9026, Time: 00:09:56

Health: -2/63      AC:  1    Str: 16    XL:     10   Next: 79%
Magic:  10/10      EV: 19    Int: 11    God:    Gozag
Gold:   1047       SH: 15    Dex: 15    Spells: 9/9 levels left

rFire   . . .        b - +2 hand axe
rCold   . . .        D - +0 kite shield
rNeg    . . .        (helmet restricted)
rPois   +            n - amulet of reflection
rElec   .            l - ring of poison resistance
rCorr   .            q - +5 ring of evasion
SInv    .            (no ring)
Will    .....        (no ring)
Stlth   ++           (no ring)
HPRegen 0.30/turn    (no ring)
MPRegen 0.12/turn    (no ring)
                     (no ring)

%: reflection
@: gold aura
A: almost no armour, amphibious, 8 rings, camouflage 1, gelatinous body 1,
(nimble swimmer 1), tentacles
a: Renounce Religion, Potion Petition, Call Merchant, Bribe Branch


You were on level 9 of the Dungeon.
You worshipped Gozag.
Gozag was most pleased with you.
You visited 2 branches of the dungeon, and saw 11 of its levels.

You collected 1160 gold pieces.
You paid 113 gold pieces to Gozag.

Inventory:

Hand Weapons
 a - a +0 war axe
 b - a +2 hand axe (weapon)
 u - a +2 demon trident of freezing
 w - a +4 morningstar
Missiles
 f - 6 boomerangs
 h - 9 poisoned darts
 s - 2 throwing nets (quivered)
Armour
 D - a +0 kite shield (worn)
Jewellery
 l - a ring of poison resistance (left tentacle)
 n - an amulet of reflection (around mantle)
 q - a +5 ring of evasion (right tentacle)
 C - a ring of fire
Wands
 E - a wand of paralysis (3)
Scrolls
 d - 3 scrolls of blinking {unknown}
 e - a scroll of identify {unknown}
 i - 7 scrolls of teleportation {unknown}
 k - 4 scrolls of enchant armour {unknown}
 p - 2 scrolls of poison {unknown}
 t - 3 scrolls of amnesia {unknown}
 x - a scroll of vulnerability {unknown}
 y - a scroll of fear {unknown}
 A - a scroll of noise {unknown}
 B - a scroll of enchant weapon {unknown}
Potions
 c - 2 potions of might
 g - 2 potions of haste
 j - 4 potions of heal wounds {unknown}
 m - 2 potions of mutation {unknown}
 o - a potion of brilliance {unknown}
 r - 3 potions of curing {unknown}
 v - a potion of cancellation {unknown}
 z - 2 potions of invisibility {unknown}
 F - a potion of enlightenment {unknown}


   Skills:
 - Level 3.0 Fighting
 - Level 13.6 Axes
 * Level 5.7 Dodging
 * Level 7.1 Shields


You had 9 spell levels left.
You didn't know any spells.
Your spell library contained the following spells:

 Spells                   Type           Power      Damage    Failure   Level
 Passage of Golubria      Tloc           0%         N/A       100%        4
 Silence                  Hex/Air        0%         N/A       100%        5
 Lehudib's Crystal Spear  Conj/Erth      0%         10d2      100%        8


Dungeon Overview and Level Annotations

Branches:
Dungeon (10/15)            Temple (1/1) D:5            Lair (0/5) D:9
    Orc: D:9-12

Altars:
Ashenzari
Dithmenos
Fedhas
Gozag
Hepliaklqana
Kikubaaqudgha
Nemelex Xobeh
Okawaru
Qazlal
Ru
Sif Muna
Trog
Vehumet
Wu Jian
Yredelemnul
The Shining One

Shops:
D:6 [   D:8 [

Annotations:
D:6 1 runed translucent door, Crazy Yiuf, Dowan, Duvessa
D:7 exclusion: steam dragon
D:9 exclusion: downstairs
D:10 exclusion: ugly thing


Innate Abilities, Weirdness & Mutations

You cannot wear most types of armour.
You are amphibious.
You can wear up to eight rings at the same time.
Your skin changes colour to match your surroundings (Stealth+).
Your rubbery body absorbs attacks. (AC +1, EV +1)
((You are camouflaged when in or above water. (Stealth+)))
You have tentacles for arms and can constrict up to eight enemies at once.


Message History

The steam dragon breathes steam at you. The ball of steam misses you.
The steam dragon struggles against the net.
You block the wyvern's attack.
You hit the steam dragon. You squeeze the steam dragon.
The steam dragon is moderately wounded.
You hit the wyvern.
You are engulfed in a cloud of scalding steam.
The wyvern bites you!
Unknown command.
You slash the steam dragon! You squeeze the steam dragon!
The steam dragon is almost dead.
You hit the wyvern.
You are engulfed in a cloud of scalding steam.
The wyvern is engulfed in a cloud of scalding steam.
The wyvern hisses menacingly.
You block the wyvern's attack.
The steam dragon struggles against the net.
The wyvern bites you!
You strike the helpless steam dragon from behind!
You hit the steam dragon.
The steam dragon is almost dead.
You hit the wyvern.
The steam dragon struggles against the net.
The wyvern is engulfed in a cloud of scalding steam.
The wyvern completely misses you.
You catch the helpless steam dragon completely off-guard!
You hit the steam dragon.
You kill the steam dragon!
You hit the wyvern but do no damage.
The wyvern is engulfed in a cloud of scalding steam.
The wyvern misses you.
Unknown command.
You hit the wyvern but do no damage.
The wyvern is almost dead.
You are engulfed in a cloud of scalding steam.
* * * LOW HITPOINT WARNING * * *
The wyvern bites you!
You die...
Your body crumbles into a pile of gold.

..........<.......#
.......#..........#
.......###'########
......## #....#
......# ####.##
####### #..####
##....# ########.##
......l@..#
......$...#
..........#
..........#
..........#
..........#
###########


You could see a wyvern.

Vanquished Creatures
  Grinder (D:6)
  Sigmund (D:6)
  2 wyverns
  Eustachio (D:5)
  A yak (D:10)
  4 vampire mosquitoes (D:10)
  A steam dragon (D:9)
  An acid dragon (D:9)
  3 water moccasins
  An ice beast (D:5)
  A black bear (D:7)
  6 orc warriors
  5 ogres
  2 centaurs
  2 phantoms
  2 gnoll sergeants
  A bullfrog (D:9)
  2 scorpions (D:6)
  17 wights
  6 killer bees (D:9)
  2 gnoll boudas
  3 jellies
  3 orc priests
  4 hounds
  Jessica (D:2)
  5 iguanas
  2 orc wizards (D:5)
  16 gnolls
  8 adders
  A shadow imp (D:5)
  2 white imps
  2 ufetubi
  5 dart slugs
  30 orcs
  6 endoplasms
  2 giant cockroaches
  4 goblins
  6 hobgoblins
  4 kobolds
  3 quokkas (D:2)
  4 ball pythons
  A bat (D:1)
  3 frilled lizards
  5 rats
182 creatures vanquished.

Notes
Turn   | Place    | Note
-------+----------+-------------------------------------------
     0 | D:1      | Kurtz the Octopode Fighter began the quest for the Orb.
     0 | D:1      | Reached XP level 1. HP: 16/16 MP: 1/1
   485 | D:1      | Reached XP level 2. HP: 17/21 MP: 2/2
   939 | D:2      | Reached skill level 3 in Axes
  1018 | D:2      | Reached XP level 3. HP: 17/26 MP: 3/3
  1226 | D:2      | Found a faded altar of an unknown god.
  1347 | D:2      | Noticed Jessica
  1352 | D:2      | Killed Jessica
  1353 | D:2      | Reached skill level 4 in Axes
  1460 | D:2      | Reached XP level 4. HP: 31/31 MP: 4/4
  2203 | D:3      | Reached skill level 5 in Axes
  2297 | D:3      | Reached XP level 5. HP: 36/36 MP: 5/5
  2754 | D:5      | Entered Level 5 of the Dungeon
  2818 | D:5      | Noticed Eustachio
  2832 | D:5      | Killed Eustachio
  2833 | D:5      | Reached skill level 6 in Axes
  2833 | D:5      | Reached XP level 6. HP: 8/42 MP: 6/6
  3000 | D:5      | Reached skill level 7 in Axes
  3046 | D:5      | Reached XP level 7. HP: 26/46 MP: 7/7
  3402 | D:5      | Reached skill level 8 in Axes
  3711 | D:5      | Reached skill level 9 in Axes
  3711 | D:5      | Reached XP level 8. HP: 44/52 MP: 8/8
  3948 | D:5      | Reached skill level 10 in Axes
  4017 | D:5      | Found a staircase to the Ecumenical Temple.
  4023 | Temple   | Entered the Ecumenical Temple
  4041 | Temple   | Became a worshipper of Gozag Ym Sagoz the Greedy
  4548 | D:6      | Noticed Duvessa
  4548 | D:6      | Noticed Dowan
  4720 | D:6      | Reached skill level 11 in Axes
  4804 | D:6      | Noticed Sigmund
  4813 | D:6      | Killed Sigmund
  4814 | D:6      | Reached XP level 9. HP: 43/56 MP: 9/9
  4932 | D:6      | Found a runed translucent door.
  4933 | D:6      | Noticed Crazy Yiuf
  4965 | D:6      | Found Ganas's Antique Armour Shop.
  4976 | D:6      | Noticed Grinder
  4985 | D:6      | Killed Grinder
  4986 | D:6      | Reached skill level 12 in Axes
  5398 | D:6      | Found a blossoming altar of Fedhas.
  5507 | D:6      | Reached skill level 13 in Axes
  6067 | D:7      | Found a bloodstained altar of Trog.
  6068 | D:7      | Found a sparkling altar of Nemelex Xobeh.
  6069 | D:7      | Found an iron altar of Okawaru.
  6074 | D:7      | Found an ornate altar of the Wu Jian Council.
  6650 | D:8      | Reached XP level 10. HP: 63/63 MP: 10/10
  6711 | D:8      | Found Geragec's Antique Armour Shop.
  7680 | D:10     | Entered Level 10 of the Dungeon
  8011 | D:10     | Noticed a brown ugly thing
  8070 | D:9      | Found a staircase to the Lair.
  8156 | D:9      | Reached skill level 5 in Shields
  8194 | D:9      | Reached skill level 5 in Dodging
  8939 | D:9      | Found a glowing golden altar of the Shining One.
  9026 | D:9      | Slain by a wyvern

Illustrated notes

Levels and vault maps discovered:
D:1:      dpeg_arrival_long_road, layout_basic, minmay_quantized
D:2:      layout_basic, ebering_ecumenical_altar_mist, corexii_leaking_fountain,
          minmay_quadrilaterals, uniq_jessica
D:3:      layout_basic, reono_crystal_passage
D:4:      layout_cave_pools, zin_treasury, hangedman_decor_growths,
          uniq_menkaure
D:5:      minmay_diamond_boxcup, layout_basic, minmay_temple_entry_fiery,
          serial_glass, glass_columns_a, glass_columns_a, minivault_5,
          uniq_eustachio
D:6:      layout_loops_cross, nicolae_overflow_hidden_temple, serial_shops,
          nicolae_shop_overgrown_old_shop, uniq_grinder,
          uniq_crazy_yiuf_cottage, uniq_duvessa, uniq_sigmund
D:7:      layout_loops_ring, minitemple, minivault_1, serial_park_tiny_2
D:8:      layout_rooms, mainiacjoe_overflow_boulevard, serial_shops,
          nicolae_take_the_stairs
D:9:      layout_roguey [special_room_orc], lemuel_tele_altar, dpeg_oklobed_lair
D:10:     statuecave_lemuel, layout_basic,
          grunt_temple_overflow_champion_of_chaos,
          mainiacjoe_overflow_big_doors, nicolae_shop_self_help
Temple:   eino_wide_crystal_templ

Skill      XL: |  1  2  3  4  5  6  7  8  9 10 |
---------------+-------------------------------+-----
Axes           | 3 4 5 6 7 9 11 13 | 13.6
Dodging        | 5 |  5.7
Shields        | 7 |  7.1
Fighting       | |  3.0

Action                     |  1- 3 |  4- 6 |  7- 9 | 10-12 || total
---------------------------+-------+-------+-------+-------++-------
  Melee: War axe           |    49 |    91 |   123 |       ||   263
         Tentacles         |     8 |    20 |    52 |    58 ||   138
         Constrict         |    11 |    26 |    39 |    29 ||   105
         Punch             |       |     1 |     2 |     4 ||     7
         Demon trident     |       |       |    33 |       ||    33
         Morningstar       |       |       |    44 |     7 ||    51
         Hand axe          |       |       |       |   167 ||   167
  Throw: Dart              |       |       |    21 |     8 ||    29
         Throwing net      |       |       |       |     2 ||     2
         Boomerang         |       |       |       |     2 ||     2
    Use: Potion            |       |     1 |       |       ||     1
   Stab: Sleeping          |     2 |     8 |     5 |     1 ||    16
         Distracted        |       |       |     2 |     2 ||     4
         Held in net/web   |       |       |       |     4 ||     4
 Armour: Skin              |    16 |    28 |    46 |    30 ||   120
  Dodge: Dodged            |    29 |    34 |    89 |    57 ||   209
  Block: Buckler           |    13 |    26 |    62 |       ||   101
         Reflection        |       |       |     2 |     4 ||     6
         Kite shield       |       |       |     4 |   102 ||   106

Table legend: (Time is in decaauts)
 A = Elapsed time spent in this place.
 B = Non-inter-level travel time spent in this place.
 C = Inter-level travel time spent in this place.
 D = Time resting spent in this place.
 E = Time spent auto-exploring this place.
 F = Levels seen in this place.
 G = Mean time per level.
                   A        B        C        D        E       F      G
               +--------+--------+--------+--------+--------+-----+--------+
         Total |   9027 |   8515 |    512 |   1873 |   4980 |  11 |  820.6 |
       Dungeon |   8994 |   8509 |    485 |   1873 |   4980 |  10 |  899.4 |
        Temple |     33 |      6 |     27 |      0 |      0 |   1 |   33.0 |
               +--------+--------+--------+--------+--------+-----+--------+

Top non-repeatable levels by time:
     D:5: 1658 daAuts
     D:6: 1496 daAuts
     D:7: 1272 daAuts
     D:2: 1156 daAuts
     D:1: 902 daAuts
    D:10: 688 daAuts
     D:9: 679 daAuts
     D:3: 647 daAuts
     D:8: 409 daAuts
     D:4: 82 daAuts
  Temple: 33 daAuts
